 Dungeon Crawl Stone Soup version 0.22.1-1-ga44c0e5 (webtiles) character file.

40840 n0claF the Markscentaur (level 13, 0/119 HPs)
             Began as a Centaur Hunter on Sept 20, 2018.
             Was the Champion of Okawaru.
             Slain by Rupert
             ... wielding a +2 battleaxe of chopping
              (4 damage)
             ... on level 15 of the Dungeon.
             The game lasted 01:24:43 (23279 turns).

n0claF the Markscentaur (Centaur Hunter)           Turns: 23279, Time: 01:24:44

Health: 0/119      AC: 21    Str: 20    XL:     13   Next: 76%
Magic:  0/13       EV: 12    Int: 12    God:    Okawaru [******]
Gold:   545        SH:  0    Dex: 20    Spells: 12/12 levels left

rFire    + . .     SeeInvis .   P - +2 longbow (freeze)
rCold    + . .     Gourm    .   (shield currently unavailable)
rNeg     + . .     Faith    .   a - +1 chain mail "Wailerei" {+Blink rF+ rN+ Str+4}
rPois    .         Spirit   +   I - +2 hat
rElec    +         Reflect  .   M - scarf {Spirit}
rCorr    .         Harm     .   k - +1 pair of gloves
MR       .....                  S - +3 centaur barding {rC+}
Stlth    ..........             C - amulet of guardian spirit
HPRegen  0.29/turn              w - ring of Emaomar {rElec Int+2 Dex+3}
MPRegen  0.13/turn              K - +3 ring of dexterity

@: heroism, studying Throwing, very quick
A: large, hooves 3, deformed body, speed 2, tough skin 3
a: Heroism, Finesse, Renounce Religion, Evoke Blink


You were on level 15 of the Dungeon.
You worshipped Okawaru.
Okawaru was exalted by your worship.
You were not hungry.

You visited 1 branch of the dungeon, and saw 15 of its levels.

You collected 967 gold pieces.
You spent 422 gold pieces at shops.

Inventory:

Hand Weapons
 u - the +11 trident "Hetir" {pierce, Str+8}
   (You found it on level 6 of the Dungeon)

   It inflicts extra damage upon your enemies.
   It affects your strength (+8).
 P - a +2 longbow of freezing (weapon)
   (You took it off a centaur warrior on level 14 of the Dungeon)
Missiles
 g - 60 stones
 i - 315 arrows (quivered)
 v - 38 bolts
 D - 15 sling bullets
Armour
 a - the +1 chain mail "Wailerei" (worn) {+Blink rF+ rN+ Str+4}
   (Okawaru gifted it to you on level 12 of the Dungeon)

   It affects your strength (+4).
   It protects you from fire.
   It protects you from negative energy.
   It lets you blink.
 k - a +1 pair of gloves (worn)
   (You found it on level 1 of the Dungeon)
 I - a +2 hat (worn)
   (You found it on level 5 of the Dungeon)
 M - a scarf of spirit shield (worn)
   (You found it on level 8 of the Dungeon)
 S - a +3 centaur barding of cold resistance (worn)
   (Okawaru gifted it to you on level 10 of the Dungeon)
 Y - the +4 ring mail of Pewykoa {rElec Regen+}
   (Okawaru gifted it to you on level 12 of the Dungeon)

   It insulates you from electricity.
   It increases your rate of regeneration.
Jewellery
 t - a +3 ring of protection
   (You found it on level 8 of the Dungeon)
 w - the ring of Emaomar (left hand) {rElec Int+2 Dex+3}
   (You took it off an orc on level 9 of the Dungeon)

   [ring of dexterity]

   It affects your intelligence (+2).
   It affects your dexterity (+3).
   It insulates you from electricity.
 C - an amulet of guardian spirit (around neck)
   (You found it on level 10 of the Dungeon)
 K - a +3 ring of dexterity (right hand)
   (You took it off an orc on level 8 of the Dungeon)
Wands
 c - a wand of disintegration (27) {!d}
   (You took it off Ijyb on level 3 of the Dungeon)
 d - a wand of iceblast (11)
   (You found it on level 15 of the Dungeon)
 x - a wand of acid (12)
   (You found it on level 15 of the Dungeon)
 E - a wand of polymorph (18)
   (You took it off Dowan on level 5 of the Dungeon)
 V - a wand of scattershot (7)
   (You found it on level 12 of the Dungeon)
Scrolls
 h - 4 scrolls of magic mapping
 l - 8 scrolls of remove curse {@r2}
 m - 6 scrolls of fear
 n - 6 scrolls of identify {@r1}
 o - 2 scrolls of enchant armour
 p - 7 scrolls of teleportation {@r4}
 y - 2 scrolls of fog
 H - 5 scrolls of immolation {!r}
 O - 2 scrolls of amnesia
Potions
 b - 4 potions of degeneration {!q!d}
 j - 2 potions of haste {@q3}
 q - 3 potions of brilliance
 r - 6 potions of curing {@q1}
 s - 7 potions of heal wounds {@q2}
 z - 3 potions of cancellation
 A - 2 potions of magic
 B - 4 potions of lignification {!q}
 F - 2 potions of resistance
 G - 3 potions of might
 J - 2 potions of invisibility
 N - a potion of ambrosia {unknown}
Books
 f - a manual of Throwing {!d}
   (You found it on level 11 of the Dungeon)
Comestibles
 e - 21 rations {!d}
 L - 3 chunks of flesh


   Skills:
 + Level 12.8(17.8) Fighting
   Level 4.3(9.3) Slings
 * Level 18.9(23.9) Bows
 + Level 10.2(15.2) Dodging
 - Level 0.4(5.4) Stealth


You had 12 spell levels left.
You didn't know any spells.
Your spell library contained the following spells:

 Spells                   Type           Power        Failure   Level  Hunger
 Animate Skeleton         Necr           N/A          97%         1    ##.....
 Apportation              Tloc           #.....       97%         1    ##.....
 Confusing Touch          Hex            #.....       97%         1    ##.....
 Corona                   Hex            #......      97%         1    ##.....
 Pain                     Necr           #...         97%         1    ##.....
 Summon Small Mammal      Summ           #...         97%         1    ##.....
 Ensorcelled Hibernation  Hex/Ice        #.....       99%         2    ###....
 Confuse                  Hex            #.......     100%        3    ####...
 Dazzling Spray           Conj/Hex       #.....       100%        3    ####...
 Gell's Gravitas          Tloc           #.........   100%        3    ####...
 Regeneration             Chrm/Necr      #.........   100%        3    ####...
 Tukima's Dance           Hex            #.......     100%        3    ####...
 Vampiric Draining        Necr           #.........   100%        3    ####...
 Animate Dead             Necr           N/A          100%        4    #####..
 Petrify                  Tmut/Erth      #.......     100%        4    #####..
 Throw Icicle             Conj/Ice       #.......     100%        4    #####..
 Bolt of Draining         Conj/Necr      #.........   100%        5    ######.
 Excruciating Wounds      Chrm/Necr      #.........   100%        5    ######.
 Metabolic Englaciation   Hex/Ice        #.........   100%        5    ######.
 Yara's Violent Unravell  Hex/Tmut       #.........   100%        5    ######.
 Freezing Cloud           Conj/Ice/Air   #.........   100%        6    #######


Dungeon Overview and Level Annotations

Branches:
Dungeon (15/15)            Temple (0/1) D:7            Lair (0/6) D:11
    Orc (0/2) D:10         Vaults (0/5) D:13
 Depths: D:15

Altars:
Cheibriados
Elyvilon
Fedhas
Gozag
Okawaru
Ru
Sif Muna
Uskayaw
Wu Jian
Xom
The Shining One

Shops:
D:5 !   D:8 }(=%   D:9 ?

Annotations:
D:15 Rupert


Innate Abilities, Weirdness & Mutations

You have hooves in place of feet.
Armour fits poorly on your strangely shaped body.
You cover ground very quickly.
You have extremely tough skin. (AC +3)


Message History

You bump into the rock wall.
You feel less confused. Rupert roars wildly at you.
You are confused.
You bump into the rock wall.
The tengu conjurer casts a spell at you.
The lance of force misses you.
You bump into the rock wall.
Rupert roars madly and goes into a rage!
Rupert goes berserk!
Unknown command.
The tengu conjurer mumbles some strange words.
The tengu conjurer blinks!
Unknown command.
You feel less confused. Rupert closely misses you.
Firing (i - inventory. (/) - cycle)
i - 320 arrows (quivered)
Aim: Rupert, wielding a battleaxe of chopping and wearing a chain mail You shoot an arrow.
The arrow hits Rupert.
The arrow freezes Rupert.
Rupert hits you with a battleaxe of chopping!!
Rupert rages.
Unknown command.
Rupert rages.
Firing (i - inventory. (/) - cycle)
i - 319 arrows (quivered)
Aim: Rupert, wielding a battleaxe of chopping and wearing a chain mail (lightly You shoot an arrow.
The arrow hits Rupert!!
The arrow freezes Rupert.
Rupert hits you with a battleaxe of chopping!
Firing (i - inventory. (/) - cycle)
i - 318 arrows (quivered)
Aim: Rupert, wielding a battleaxe of chopping and wearing a chain mail (lightly You shoot an arrow.
The arrow hits Rupert!!
The arrow freezes Rupert!
Rupert barely misses you.
Firing (i - inventory. (/) - cycle)
i - 317 arrows (quivered)
Aim: Rupert, wielding a battleaxe of chopping and wearing a chain mail You shoot an arrow.
The arrow hits Rupert!
The arrow freezes Rupert.
Rupert hits you with a battleaxe of chopping!!
* * * LOW HITPOINT WARNING * * *
You gain the combat prowess of a mighty hero.
Rupert hits you with a battleaxe of chopping!!
* * * LOW HITPOINT WARNING * * *
* * * LOW HITPOINT WARNING * * *
Okay, then.
You are too injured to fight recklessly!
Rupert rages.
Firing (i - inventory. (/) - cycle)
i - 316 arrows (quivered)
Aim: Rupert, wielding a battleaxe of chopping and wearing a chain mail You shoot an arrow.
The arrow hits Rupert but does no damage.
Rupert hits you with a battleaxe of chopping!!
* * * LOW HITPOINT WARNING * * *
You die...

....Q.# #####.# #ยง# #.# #### ###
#.# #... ..###.## #.## .......##
#.# ..#....(############ #.#
####.......(*Q.@@..# #.#
####..############.# #.# ......#
#.# #.# #####.# ######.#### #.#
##'## #..W......# #.# ##...##
#.####.##.# ###.# ##.....##
#.####.##.# #...# ##.......##
#.#.##.##.# #..##
#.........###......##.######...##


You could see Rupert (berserk), a tengu conjurer and a battlesphere.

Vanquished Creatures
  Kirke (D:15)
  Erolcha (D:12)
  Harold (D:8)
  2 centaur warriors (D:14)
  2 catoblepae
  2 tengu warriors (D:15)
  4 two-headed ogres
  An orc knight (D:12)
  3 deep elf magi
  5 cyclopes
  16 ugly things
  A manticore (D:10)
  A centaur zombie (D:12)
  2 komodo dragons (shapeshifter)
  5 slime creatures
  4 trolls
  2 hornets
  Prince Ribbit (D:7)
  6 hippogriffs
  A centaur simulacrum (D:15)
  A vampire (D:12)
  16 yaks
  A fire bat (shapeshifter) (D:13)
  A spriggan (D:8)
  2 wraiths
  3 wyverns
  A hog (D:15)
  2 hungry ghosts
  A basilisk (D:12)
  7 vampire mosquitoes
  2 wargs
  An acid dragon (D:15)
  A soldier ant (D:12)
  Duvessa (D:5)
  4 ice beasts
  2 sky beasts
  11 orc warriors
  5 phantoms
  3 eyes of draining
  3 necrophages
  A wolf (D:10)
  9 ogres
  3 black bears
  An ogre (shapeshifter) (D:13)
  13 centaurs
  A big kobold (D:14)
  A bullfrog (shapeshifter) (D:13)
  14 bullfrogs
  A wyvern zombie (D:13)
  A wyvern skeleton (D:9)
  Dowan (D:5)
  16 killer bees
  A scorpion (D:12)
  4 electric eels (D:11)
  10 wights
  2 lava snakes (D:11)
  6 crimson imps
  2 bullfrog zombies
  Crazy Yiuf (D:2)
  A gnoll shaman (D:6)
  11 hounds
  7 jellies
  10 orc priests
  19 orc wizards
  10 bullfrog skeletons
  4 iguanas
  Jessica (D:2)
  Ijyb (D:3)
  4 worker ants
  2 hound zombies
  2 hound skeletons
  3 worker ant zombies
  Robin (D:2)
  A howler monkey skeleton (D:6)
  29 adders
  3 gnolls (D:6)
  5 shadow imps
  2 oozes
  An adder zombie (D:8)
  4 adder skeletons
  7 dart slugs
  4 leopard geckos
  56 orcs
  8 bats
  12 giant cockroaches
  11 goblins
  9 hobgoblins
  16 jackals
  6 quokkas
  2 ball pythons (D:2)
  A ball python skeleton (D:4)
  5 frilled lizards
  A giant cockroach zombie (D:5)
  A jackal skeleton (D:6)
  13 kobolds
  A quokka skeleton (D:4)
  10 rats
501 creatures vanquished.

Vanquished Creatures (others)
  A tengu reaver (D:14)
  2 humans (D:15)
  A giant cockroach (D:8)
  A quokka (D:8)
  A jackal zombie (D:8)
6 creatures vanquished.

Grand Total: 507 creatures vanquished

Notes
Turn   | Place    | Note
-------+----------+-------------------------------------------
     0 | D:1      | n0claF the Centaur Hunter began the quest for the Orb.
     0 | D:1      | Reached XP level 1. HP: 17/17 MP: 1/1
   135 | D:1      | Reached XP level 2. HP: 25/25 MP: 2/2
   510 | D:1      | Reached XP level 3. HP: 30/30 MP: 3/3
  1111 | D:2      | Noticed an ogre
  1373 | D:2      | Found an opulent altar of Gozag.
  1399 | D:2      | Reached XP level 4. HP: 30/38 MP: 4/4
  1585 | D:2      | Killed an ogre
  1585 | D:2      | Reached XP level 5. HP: 46/46 MP: 5/5
  1602 | D:2      | Noticed Robin
  1609 | D:2      | Killed Robin
  2418 | D:2      | Noticed Jessica
  2422 | D:2      | Killed Jessica
  2424 | D:2      | Reached XP level 6. HP: 52/53 MP: 6/6
  2496 | D:2      | Found an iron altar of Okawaru.
  2507 | D:2      | Became a worshipper of Warmaster Okawaru
  2727 | D:2      | Found a runed door.
  3066 | D:2      | Noticed Crazy Yiuf
  3074 | D:2      | Killed Crazy Yiuf
  3483 | D:3      | Reached skill level 5 in Fighting
  3618 | D:3      | Noticed Ijyb
  3627 | D:3      | Killed Ijyb
  3968 | D:3      | Reached XP level 7. HP: 59/61 MP: 7/7
  3989 | D:3      | Found a blossoming altar of Fedhas.
  4431 | D:4      | Reached * piety under Okawaru
  4993 | D:4      | Reached skill level 5 in Dodging
  5207 | D:5      | Entered Level 5 of the Dungeon
  5221 | D:5      | Reached XP level 8. HP: 63/71 MP: 8/8
  5295 | D:5      | Noticed Dowan
  5322 | D:5      | Killed Dowan
  5322 | D:5      | Reached skill level 1 in Bows
  5349 | D:5      | Noticed Duvessa
  5360 | D:5      | Reached skill level 2 in Bows
  5374 | D:5      | Killed Duvessa
  5375 | D:5      | Reached skill level 3 in Bows
  5383 | D:5      | Reached ** piety under Okawaru
  5655 | D:5      | Found a shimmering altar of Xom.
  5671 | D:5      | Got a faintly glowing ring mail
  5682 | D:5      | Identified the +1 ring mail "Hosimnec" {-Tele rF- rN++
                  | Int+7} (You found it on level 5 of the Dungeon)
  5717 | D:5      | Reached skill level 4 in Bows
  5905 | D:5      | Found Cifat's Distillery.
  5912 | D:5      | Bought a potion of lignification for 30 gold pieces
  5912 | D:5      | Bought a potion of curing for 30 gold pieces
  5912 | D:5      | Bought a potion of resistance for 100 gold pieces
  5912 | D:5      | Bought a potion of heal wounds for 50 gold pieces
  5912 | D:5      | Bought a potion of might for 40 gold pieces
  6230 | D:6      | Got an encrusted trident
  6231 | D:6      | Identified the +11 trident "Hetir" {pierce, Str+8} (You
                  | found it on level 6 of the Dungeon)
  6282 | D:6      | Reached skill level 5 in Bows
  6284 | D:6      | Found a sacrificial altar of Ru.
  6433 | D:6      | Found a glowing golden altar of the Shining One.
  6600 | D:6      | Reached skill level 6 in Bows
  6843 | D:7      | Reached XP level 9. HP: 68/79 MP: 9/9
  6982 | D:7      | Reached skill level 7 in Bows
  7006 | D:7      | Reached *** piety under Okawaru
  7013 | D:7      | Noticed Prince Ribbit
  7329 | D:7      | Found a hide-covered altar of Uskayaw.
  7369 | D:7      | Killed Prince Ribbit
  7369 | D:7      | Reached skill level 8 in Bows
  7390 | D:7      | Found a staircase to the Ecumenical Temple.
  7768 | D:8      | Found a white marble altar of Elyvilon.
  8244 | D:8      | Noticed Harold
  8262 | D:8      | Reached skill level 9 in Bows
  8390 | D:8      | Killed Harold
  8390 | D:8      | Reached **** piety under Okawaru
  8390 | D:8      | Reached skill level 10 in Bows
  8390 | D:8      | Reached XP level 10. HP: 41/90 MP: 10/10
  8753 | D:8      | Found Qieg's Gadget Boutique.
  8837 | D:8      | Found Amuahib's Antique Weapon Boutique.
  8838 | D:8      | Found Bionkasch's Jewellery Boutique.
  8838 | D:8      | Found Nevuemu's Food Boutique.
  9383 | D:8      | Reached ***** piety under Okawaru
  9557 | D:8      | Reached skill level 11 in Bows
  9668 | D:8      | Bought a glowing arbalest for 172 gold pieces
  9722 | D:9      | Got a sparkling brass ring
 10549 | D:9      | Found a snail-covered altar of Cheibriados.
 10565 | D:9      | Received a gift from Okawaru
 10566 | D:9      | Got a crude rapier {god gift}
 10567 | D:9      | Identified the +1 rapier of Misery {antimagic, Fragile rN+
                  | Int+2} (Okawaru gifted it to you on level 9 of the Dungeon)
 10716 | D:9      | Reached skill level 12 in Bows
 10950 | D:9      | Found Fuxkeoge's Magic Scroll Emporium.
 11008 | D:9      | Found an ornate altar of the Wu Jian Council.
 11135 | D:10     | Entered Level 10 of the Dungeon
 11190 | D:10     | Got a bloodstained leather armour
 11201 | D:10     | Identified the +2 leather armour of the Arcane {+Inv Int+3}
                  | (You found it on level 10 of the Dungeon)
 12060 | D:10     | Reached XP level 11. HP: 95/99 MP: 11/11
 12082 | D:10     | Received a gift from Okawaru
 12150 | D:10     | Identified the Reference Book on the Unholy Glacier
 12166 | D:10     | Found a staircase to the Orcish Mines.
 12173 | D:10     | Reached skill level 10 in Fighting
 12948 | D:10     | Identified the ring of Emaomar {rElec Int+2 Dex+3} (You
                  | took it off an orc on level 9 of the Dungeon)
 13010 | D:10     | Reached skill level 13 in Bows
 13805 | D:11     | Found a staircase to the Lair.
 14120 | D:11     | Noticed a purple ugly thing
 14361 | D:11     | Killed a purple ugly thing
 14648 | D:11     | Reached skill level 14 in Bows
 15365 | D:12     | Noticed a two-headed ogre
 15402 | D:12     | Killed a two-headed ogre
 15718 | D:12     | Noticed a two-headed ogre
 15749 | D:12     | Killed a two-headed ogre
 15749 | D:12     | Received a gift from Okawaru
 16377 | D:12     | Received a gift from Okawaru
 16378 | D:12     | Got a smoking chain mail {god gift}
 16389 | D:12     | Identified the +1 chain mail "Wailerei" {+Blink rF+ rN+
                  | Str+4} (Okawaru gifted it to you on level 12 of the
                  | Dungeon)
 16492 | D:12     | Reached skill level 15 in Bows
 16755 | D:12     | Reached XP level 12. HP: 110/110 MP: 12/12
 17772 | D:13     | Noticed a two-headed ogre
 17779 | D:13     | Killed a two-headed ogre
 17832 | D:13     | Reached skill level 16 in Bows
 18225 | D:13     | Noticed a catoblepas
 18270 | D:13     | Killed a catoblepas
 18660 | D:13     | Noticed Erolcha
 18727 | D:12     | Killed Erolcha
 18727 | D:12     | Reached ****** piety under Okawaru
 18727 | D:12     | Received a gift from Okawaru
 18728 | D:12     | Got a translucent ring mail {god gift}
 18989 | D:13     | Identified the +4 ring mail of Pewykoa {rElec Regen+}
                  | (Okawaru gifted it to you on level 12 of the Dungeon)
 19026 | D:13     | Found a gate to the Vaults.
 19341 | D:14     | Reached skill level 17 in Bows
 19517 | D:14     | Noticed a centaur warrior
 19523 | D:14     | Killed a centaur warrior
 19861 | D:14     | Reached XP level 13. HP: 72/118 MP: 8/13
 20991 | D:14     | Noticed a tengu reaver
 21017 | D:14     | Killed a tengu reaver
 21541 | D:14     | Found a deep blue altar of Sif Muna.
 21916 | D:15     | Entered Level 15 of the Dungeon
 21995 | D:15     | Reached skill level 18 in Bows
 21996 | D:15     | Noticed Kirke
 22013 | D:15     | Received a gift from Okawaru
 22022 | D:15     | Killed Kirke
 22216 | D:15     | Received a gift from Okawaru
 22216 | D:15     | Reached skill level 10 in Dodging
 23244 | D:15     | Noticed Rupert
 23279 | D:15     | HP: 4/119 [Rupert/battleaxe of chopping (19)]
 23279 | D:15     | Slain by Rupert

Skill      XL: |  1  2  3  4  5  6  7  8  9 10 11 12 13 |
---------------+----------------------------------------+-----
Dodging        | 2 3 4 5 6 7 8 9 10 | 10.2
Fighting       | 3 4 5 6 7 8 9 11 12 | 12.8
Bows           | 6 10 12 15 17 18 | 18.9
Slings         | |  4.3
Stealth        | |  0.4

Action                   |  1- 3 |  4- 6 |  7- 9 | 10-12 | 13-15 || total
-------------------------+-------+-------+-------+-------+-------++-------
Melee: Short sword       |       |    53 |       |       |       ||    53
       Kick              |       |    17 |    67 |    58 |       ||   142
       Quarterstaff      |       |    85 |   142 |       |       ||   227
       Trident           |       |       |   142 |   257 |       ||   399
       Shortbow          |       |       |       |     1 |       ||     1
 Fire: Hunting sling     |   144 |    65 |     5 |       |       ||   214
       Shortbow          |       |       |    13 |  1127 |       ||  1140
       Longbow           |       |       |       |       |   250 ||   250
Invok: Heroism           |       |       |     1 |       |     1 ||     2
  Use: Potion            |     1 |       |     3 |       |     3 ||     7
       Scroll            |       |       |    15 |     1 |     9 ||    25
 Stab: Petrifying        |       |     1 |       |       |       ||     1
       Confused          |       |       |     1 |       |       ||     1
  Eat: Chunk             |       |     8 |    11 |    20 |     4 ||    43
       Ration            |       |       |       |     3 |     3 ||     6
Armor: Leather armour    |    18 |    67 |   112 |   120 |       ||   317
       Ring mail         |       |       |     2 |       |       ||     2
       Skin              |       |       |       |     1 |       ||     1
       Chain mail        |       |       |       |    97 |    48 ||   145
Dodge: Dodged            |    40 |    81 |   209 |   300 |    23 ||   653
